 Dungeon Crawl Stone Soup version 0.21-a0-210-gbfa5647 (webtiles) character file.

22 Kidiri the Magician (level 2, 0/15 HPs)
             Began as a Deep Elf Fire Elementalist on Aug 21, 2017.
             Slain by a worm (7 damage)
             ... on level 2 of the Dungeon.
             The game lasted 00:04:45 (1150 turns).

Kidiri the Magician (Deep Elf Fire Elementalist)    Turns: 1150, Time: 00:04:46

Health: 0/15       AC:  2    Str:  5    XL:     2   Next: 68%
Magic:  0/9        EV: 13    Int: 19    God:
Gold:   45         SH:  0    Dex: 15    Spells: 6/9 levels left

rFire    . . .     SeeInvis .   f - +0 short sword
rCold    . . .     Gourm    .   (no shield)
rNeg     . . .     Faith    .   a - +0 robe
rPois    .         Spirit   .   (no helmet)
rElec    .         Reflect  .   (no cloak)
rCorr    +         Harm     .   (no gloves)
MR       .....                  (no boots)
Stlth    ++........             (no amulet)
HPRegen  0.05/turn              q - ring of resist corrosion
MPRegen  0.11/turn              (no ring)

@: no status effects
A: no striking features
a: no special abilities


You were on level 2 of the Dungeon.
You were hungry.

You visited 1 branch of the dungeon, and saw 2 of its levels.

You collected 45 gold pieces.

Inventory:

Hand Weapons
 f - a +0 short sword (weapon)
Armour
 a - a +0 robe (worn)
Jewellery
 q - a ring of resist corrosion (left hand)
Scrolls
 d - a scroll of teleportation {unknown}
 e - a scroll of remove curse {unknown}
 h - 3 scrolls of recharging {unknown}
 i - a scroll of noise {unknown}
 o - a scroll of identify {unknown}
Potions
 j - a potion of magic {unknown}
 m - a potion of haste {unknown}
 n - a potion of heal wounds {unknown}
 p - a potion of mutation {unknown}
Books
 b - a book of Flames

   Spells                             Type                      Level
   a - Flame Tongue                   Conjuration/Fire             1
   b - Throw Flame                    Conjuration/Fire             2
   c - Conjure Flame                  Conjuration/Fire             3
   d - Inner Flame                    Hexes/Fire                   3
   e - Sticky Flame                   Conjuration/Fire             4
   f - Fireball                       Conjuration/Fire             5
Comestibles
 c - a bread ration
 g - 3 fruits
 k - 5 chunks of flesh
 l - a meat ration


   Skills:
 - Level 2.4 Dodging
 - Level 2.4 Stealth
 * Level 4.1 Spellcasting
 + Level 1.4 Conjurations
 + Level 3.5 Fire Magic


You had 6 spell levels left.
You knew the following spells:

 Your Spells              Type           Power        Failure   Level  Hunger
a - Flame Tongue          Conj/Fire      ##...        4%          1    None
b - Throw Flame           Conj/Fire      ##....       8%          2    ##.....


Dungeon Overview and Level Annotations

Branches:
Dungeon (2/15)

Altars:

Annotations:
D:2 1 runed door


Message History

Confirm with . or Enter, or press ? or * to list all spells.
You don't have enough magic to cast that spell.
Unknown command.
Casting: Flame Tongue
Confirm with . or Enter, or press ? or * to list all spells.
You don't have enough magic to cast that spell.
Casting: Flame Tongue
Confirm with . or Enter, or press ? or * to list all spells.
Aiming: Flame Tongue
Press: ? - help, Shift-Dir - straight line, f/p - worm
Aim: a worm (severely wounded)
The flame tongue hits the worm.
The worm is severely wounded.
You hit the worm.
The worm is almost dead.
The worm bites you.
You hit the worm.
The worm is almost dead.
The worm bites you!
You die...

#........###...)♣)♣♣♣
#........#####♣♣♣♣♣
+........'..#
#........##.#
.........##.#
.##########.########
########......... .
........w.##########+##..
........@>'..............
..........########.......
#.........# ####....^..
........#.# #..........
#######<#.# #.####+####
#.#.# #.# #.#.# #.# #.#.#
#.# #.#.# #.#######


You could see a worm.

Vanquished Creatures
  3 giant cockroaches
  5 goblins
  2 hobgoblins (D:1)
  2 jackals (D:2)
  A frilled lizard (D:1)
  4 kobolds (D:1)
  2 rats (D:2)
19 creatures vanquished.

Notes
Turn   | Place    | Note
-------+----------+-------------------------------------------
     0 | D:1      | Kidiri the Deep Elf Fire Elementalist began the quest for the Orb.
     0 | D:1      | Reached XP level 1. HP: 10/10 MP: 6/6
   442 | D:1      | Reached XP level 2. HP: 12/15 MP: 5/8
   446 | D:1      | Learned a level 2 spell: Throw Flame
   841 | D:2      | Reached skill level 4 in Spellcasting
  1057 | D:2      | Found a runed door.
  1150 | D:2      | Slain by a worm

Vault maps used:
D:1:      elethiomel_arrival_infinity_welcomes_careful_drivers
D:2:      first_bread, minmay_small_reverse_x, uniq_crazy_yiuf_cottage,
          uniq_terence, uniq_robin

Skill      XL: |  1  2 |
---------------+-------+-----
Spellcasting   | 4 |  4.1
Dodging        | |  2.4
Stealth        | |  2.4
Conjurations   | |  1.4
Fire Magic     | |  3.5

Action                   || total
-------------------------++-------
Melee: Short sword       ||    16
 Cast: Flame Tongue      ||    37
       Throw Flame       ||     2
Armor: Robe              ||     6
Dodge: Dodged            ||    23

Table legend:
 A = Spawn XP
 B = Non-spawn XP
 C = Spawn XP percentage of total XP
 D = Spawn monster count
 E = Non-spawn monster count
 F = Spawn count percentage of total count
 G = Total turns spent on level
                    A         B        C        D         E        F      G
               +---------+---------+-------+---------+---------+-------+---------
         Total |       4 |      28 |  12.5 |       2 |      17 |  10.5 |  1150
               +---------+---------+-------+---------+---------+-------+---------
           D:1 |       4 |      15 |  21.1 |       2 |       9 |  18.2 |   829
           D:2 |       0 |      13 |   0.0 |       0 |       8 |   0.0 |   321
               +---------+---------+-------+---------+---------+-------+---------
